 Dungeon Crawl Stone Soup version 0.27.1-34-g3ba077fa99 (webtiles) character file.

Game seed: 15444989627274719000

63 cbfl8 the Sneak (level 3, -20/33 HPs)
             Began as a Minotaur Delver on Jan 16, 2022.
             Killed by an exploding kobold (27 damage)
             ... ignited by their inner flame
             ... in a sewer.
             The game lasted 00:03:02 (953 turns).

cbfl8 the Sneak (Minotaur Delver)                    Turns: 953, Time: 00:03:02

Health: -20/33     AC:  6    Str: 16    XL:     3   Next: 87%
Magic:  2/2        EV: 11    Int:  8    God:
Gold:   23         SH:  0    Dex: 11    Spells: 2/2 levels left

rFire    . . .     SeeInvis .   a - +0 hand axe
rCold    . . .     Faith    .   (no shield)
rNeg     . . .     Spirit   .   j - +0 ring mail
rPois    .         Reflect  .   (helmet restricted)
rElec    .         Harm     .   (no cloak)
rCorr    .         Rampage  .   h - +0 pair of gloves
Will     .....                  (no boots)
Stlth    +.........             (no amulet)
HPRegen  0.11/turn              (no ring)
MPRegen  0.08/turn              (no ring)

@: very slightly contaminated, invisible, very slow
A: horns 2, retaliatory headbutt
a: no special abilities


You were in a sewer.
You visited 1 branch of the dungeon, and saw 3 of its levels.
You also visited: Sewer.

You collected 23 gold pieces.

Inventory:

Hand Weapons
 a - a +0 hand axe (weapon)
Armour
 b - a +0 leather armour
 h - a +0 pair of gloves (worn)
 j - a +0 ring mail (worn)
Jewellery
 l - a +6 ring of intelligence
 m - a ring of wizardry
Wands
 g - a wand of digging (3)
Scrolls
 c - a scroll of fog
 d - a scroll of magic mapping
 e - a scroll of fear
 i - a scroll of identify
Potions
 f - a potion of haste


   Skills:
 + Level 4.0 Fighting
 + Level 2.9 Axes
 + Level 1.0 Armour
 + Level 2.3 Dodging
 + Level 4.9 Stealth


You had 2 spell levels left.
You didn't know any spells.
Your spell library was empty.

Dungeon Overview and Level Annotations

Branches:
Dungeon (5/15)              Sewer (1/1)
 Temple: D:4-7

Altars:

Shops:
D:3 !


Innate Abilities, Weirdness & Mutations

You have a pair of horns on your head.
You reflexively headbutt those who attack you in melee.


Message History

The creatures around you are filled with an inner flame!
It was a scroll of immolation.
You feel sick.
You are no longer poisoned.
You enter the shallow water.
Moving in this stuff is going to be slow. ...and don't expect to remain undetected.
Why would you want to do that?
Found a scroll labelled ITEMIESUJO.
You enter the shallow water.
Moving in this stuff is going to be slow. ...and don't expect to remain undetected.
The kobold throws a stone.
The stone barely misses you.
As you read the scroll labelled ZERPHE SIBBIVI, it crumbles to dust.
It is a scroll of identify.
You don't have any unidentified items.
The kobold throws a stone.
The stone completely misses you.
The kobold throws a stone.
The stone closely misses you.
The kobold throws a stone.
The stone hits you but does no damage.
The kobold throws a stone.
The stone hits you but does no damage.
The kobold throws a stone.
The stone hits you but does no damage.
You see here a scroll labelled ITEMIESUJO.
k - a scroll labelled ITEMIESUJO
As you read the scroll labelled ITEMIESUJO, it crumbles to dust.
You feel strangely unstable.
It was a scroll of teleportation.
Your surroundings seem slightly different.
Splash!
The kobold throws a stone.
The stone hits you but does no damage. The kobold hits you with a +0 dagger.
* * * LOW HITPOINT WARNING * * *
The kobold splashes around in the water.
You closely miss the kobold. The kobold hits you but does no damage.
Your unstable footing causes you to fumble your attack.
The kobold barely misses you. You furiously retaliate!
You headbutt the kobold, but do no damage.
You hit the kobold.
You hear a splash. x2
The kobold explodes!
The fiery explosion engulfs you!!
Ouch! That really hurt!
You die...

≈≈≈≈≈≈≈≈..≈≈.≈.##≈#≈...#≈#.≈.
≈≈≈≈≈≈≈≈≈≈††.####≈###≈≈..≈...
.≈≈≈≈≈≈≈....## #≈# ####.≈...
≈≈≈≈≈≈≈≈..≈.# #≈# ##....
≈≈≈≈≈≈≈≈≈.### #≈# ##..≈
.≈≈≈≈≈≈..≈# #≈##########.
.≈≈≈≈≈≈..## #≈≈≈≈≈≈†)≈.
≈≈≈≈≈≈≈..######## ##########.
≈≈≈≈≈≈≈..≈≈≈@§§≈# ###...≈..≈
≈≈≈≈≈≈≈≈≈######## ##.....∩∩≈≈
≈≈≈≈≈≈≈≈≈≈≈ #P.#≈#..≈.≈
≈≈≈≈≈≈≈≈≈≈≈≈≈ #..#≈#.≈≈≈≈
≈≈≈≈≈≈≈≈≈≈≈≈≈≈≈ #≈≈#≈#≈≈≈≈≈
≈≈≈≈≈≈≈≈≈≈≈≈≈≈≈ #≈≈#≈#≈≈≈≈≈
####≈≈≈≈≈##≈≈≈≈ #≈≈#≈#≈≈#≈#
##≈#≈## #### ###########


There were no monsters in sight!

Vanquished Creatures
  3 adders
  A river rat (D:3)
  A worm (D:3)
  A dart slug (D:3)
  An orc (D:3)
  2 bats (D:3)
  An endoplasm (D:3)
  A giant cockroach (D:3)
  A goblin (D:3)
  4 jackals (Sewer)
  A quokka (D:3)
  3 ball pythons
  A frilled lizard (Sewer)
  2 kobolds (Sewer)
23 creatures vanquished.

Vanquished Creatures (others)
  16 plants (Sewer)
16 creatures vanquished.

Grand Total: 39 creatures vanquished

Notes
Turn   | Place    | Note
-------+----------+-------------------------------------------
     0 | D:5      | cbfl8 the Minotaur Delver began the quest for the Orb.
     0 | D:5      | Reached XP level 1. HP: 19/19 MP: 0/0
     6 | D:4      | Noticed an ice beast
    93 | D:3      | Reached XP level 2. HP: 13/27 MP: 1/1
   395 | D:3      | Found Geit's Distillery.
   444 | D:3      | Reached XP level 3. HP: 19/33 MP: 2/2
   582 | D:3      | Found a glowing drain.
   691 | Sewer    | Entered a sewer
   926 | Sewer    | Reached skill level 1 in Armour
   953 | Sewer    | Killed by an exploding kobold... ignited by their inner
                  | flame

Illustrated notes

Levels and vault maps discovered:
D:3:      layout_rooms, serial_shops, nicolae_shop_crystal, portal_sewer_entry_b
D:4:      layout_layer_cave, grunt_ashenzari_visionary
          [grunt_ashenzari_visionary_shoals, grunt_ashenzari_visionary_snake],
          serial_forest, infiniplex_forest_end_2, infiniplex_forest_fountain,
          infiniplex_forest_end_3, infiniplex_forest_straight_1,
          infiniplex_forest_clump_large, infiniplex_forest_side_room
D:5:      layout_gridville
Sewer:    sewer_co_scattered_pipes

Skill      XL: |  1  2  3 |
---------------+----------+-----
Fighting       | 4 |  4.0
Armour         | 1 |  1.0
Axes           | |  2.9
Dodging        | |  2.3
Stealth        | |  4.9

Action                   || total
-------------------------++-------
Melee: Hand axe          ||    81
       Headbutt          ||     7
  Use: Scroll            ||     3
       Potion            ||     1
 Stab: Sleeping          ||     1
Armor: Leather armour    ||     2
       Ring mail         ||    33
Dodge: Dodged            ||    48
